 Dungeon Crawl Stone Soup version 0.21.1 (webtiles) character file.

1841 Mirai the Covert (level 9, -6/54 HPs)
             Began as a Kobold Berserker on Feb 3, 2018.
             Was an Initiate of Dithmenos.
             Mangled by a polar bear (25 damage)
             ... created by the rage of Trog
             ... on level 6 of the Dungeon on Feb 4, 2018.
             The game lasted 00:40:15 (6245 turns).

Mirai the Covert (Kobold Berserker)                 Turns: 6245, Time: 00:40:15

Health: -6/54      AC:  8    Str: 14    XL:     9   Next: 33%
Magic:  9/9        EV: 19    Int:  8    God:    Dithmenos [......]
Gold:   178        SH:  5    Dex: 18    Spells: 8/8 levels left

rFire    + . .     SeeInvis .   p - +1 dagger (venom)
rCold    + . .     Gourm    .   U - +0 buckler
rNeg     . . .     Faith    +   v - +2 leather armour {rC+}
rPois    .         Spirit   .   (no helmet)
rElec    .         Reflect  .   V - +0 cloak
rCorr    .         Harm     .   s - +0 pair of gloves
MR       .....                  M - +0 pair of boots
Stlth    +++++.....             i - amulet of faith
HPRegen  0.18/turn              D - ring of protection from fire
MPRegen  0.11/turn              L - +2 ring of evasion

@: hasted, very quick
A: small, carnivore
a: Renounce Religion


You were on level 6 of the Dungeon.
You worshipped Dithmenos.
Dithmenos was noncommittal.
You were completely stuffed.

You visited 1 branch of the dungeon, and saw 6 of its levels.

You collected 293 gold pieces.
You spent 115 gold pieces at shops.

Inventory:

Hand Weapons
 f - a +0 dagger
 g - a +0 dagger
 m - a +0 hunting sling
 o - a +0 falchion
 p - a +1 dagger of venom (weapon)
 q - a +0 dagger
 r - a +0 dagger
 t - a +0 short sword
 w - a +0 whip
 x - a +0 whip
 z - a +0 hunting sling
 A - a +0 rapier
 E - a +0 dagger
 F - a +0 dagger
 H - a +0 dagger
 I - a cursed +0 dagger
 N - a +0 dagger
 R - a +0 hunting sling
Missiles
 j - 241 stones (quivered)
 B - 12 poisoned needles
Armour
 h - a +1 robe of magic resistance
 s - a +0 pair of gloves (worn)
 v - a +2 leather armour of cold resistance (worn)
 M - a +0 pair of boots (worn)
 U - a +0 buckler (worn)
 V - a +0 cloak (worn)
Jewellery
 i - an amulet of faith (around neck)
 C - an uncursed amulet of magic regeneration
 D - a ring of protection from fire (left hand)
 J - an uncursed ring of magical power
 L - a +2 ring of evasion (right hand)
 O - the ring "Roerhigh" {EV+4 Int+9 Slay-6}
   (You found it on level 5 of the Dungeon)

   [ring of evasion]

   It affects your evasion (+4).
   It affects your intelligence (+9).
   It affects your accuracy and damage with ranged weapons and melee attacks
   (-6).
Wands
 Q - a wand of flame (32)
 T - a wand of disintegration (14)
Scrolls
 W - a scroll of identify
Potions
 e - a potion of cancellation
 k - 4 potions of brilliance
 n - a potion of berserk rage
 X - a potion of curing
 Z - a potion of resistance
Books
 P - a book of Cantrips

   Spells                             Type                      Level
   a - Confusing Touch                Hexes                        1
   b - Animate Skeleton               Necromancy                   1
   c - Summon Small Mammal            Summoning                    1
   d - Apportation                    Translocation                1
Comestibles
 b - 4 chunks of flesh
 c - 11 rations


   Skills:
 + Level 5.6 Fighting
 + Level 8.6 Short Blades
 - Level 1.5 Armour
 + Level 5.2 Dodging
 + Level 11.2 Stealth


You had 8 spell levels left.
You didn't know any spells.

Dungeon Overview and Level Annotations

Branches:
Dungeon (6/15)             Temple (0/1) D:6

Altars:
Dithmenos
Okawaru

Shops:
D:5 (}   D:6 ![=*


Innate Abilities, Weirdness & Mutations

You are small and have problems with some larger weapons.
You are carnivorous and can eat meat at any time.


Message History

A polar bear, a black bear and 2 ogres come into view.
You see here 14 gold pieces.
The polar bear rages.
The ogre rages.
You see here a glowing morningstar.
You block the ogre's attack.
The ogre rages.
You block the polar bear's attack.
The polar bear claws you but does no damage.
The polar bear barely misses you.
The ogre rages.
The ogre hits you with a giant club!!
Ouch! That really hurt!
The polar bear completely misses you. The polar bear closely misses you.
The polar bear claws you.
Okay, then.
You feel yourself speed up. The polar bear misses you.
The polar bear completely misses you. The polar bear closely misses you.
The polar bear bites you!!
You die...

...............#..### #..#
.................## ##.#
....#####........#########.#
.....#####........#......#.#
.........................#.#
....#####.#..............#.##
.........................#..###
.#.#####.##......##.......#...#
...# *,,#.....@hOh..).......##
...# **,###.####O............#*
...# *,* *,* ##...)........##
...# *,***,* #......$.......
...# *,,,*,* #######.....#.#
#### **,,,,* #.....#.. *,****
#.....#** *,8* #.....# * *,>*
#..>..# *


You could see a polar bear (berserk), a black bear (berserk) and 2 ogres.

Vanquished Creatures
  The ghost of EvilAshe the Skirmisher, a novice KoBe of Trog (D:5)
  A hippogriff (D:5)
  3 orc warriors
  2 phantoms
  2 ogres
  3 scorpions
  3 crimson imps (D:5)
  A hound (D:5)
  A jelly (D:5)
  2 orc priests (D:3)
  3 bullfrog skeletons
  2 orc wizards
  A worker ant (D:4)
  The ghost of letownia3 the Magician, a weakling DsWz (D:3)
  A hound skeleton (D:3)
  A worker ant zombie (D:6)
  7 adders
  3 gnolls (D:5)
  A shadow imp (D:5)
  2 oozes
  2 worms
  3 dart slugs
  A leopard gecko (D:3)
  14 orcs
  2 ball pythons
  6 bats
  A giant cockroach (D:3)
  10 goblins
  5 hobgoblins
  2 jackals (D:1)
  2 quokkas
  2 frilled lizards
  5 kobolds
  5 rats
101 creatures vanquished.

Vanquished Creatures (others)
  An orc wizard (D:5)
1 creature vanquished.

Grand Total: 102 creatures vanquished

Notes
Turn   | Place    | Note
-------+----------+-------------------------------------------
     0 | D:1      | Mirai the Kobold Berserker began the quest for the Orb.
     0 | D:1      | Reached XP level 1. HP: 14/14 MP: 1/1
    92 | D:1      | Reached skill level 1 in Stealth
   228 | D:1      | Reached skill level 2 in Stealth
   233 | D:1      | Reached XP level 2. HP: 19/19 MP: 2/2
   319 | D:1      | Reached skill level 3 in Stealth
   428 | D:1      | Reached XP level 3. HP: 12/23 MP: 3/3
   734 | D:1      | Reached ** piety under Trog
   789 | D:1      | Reached skill level 4 in Stealth
  1078 | D:2      | Reached XP level 4. HP: 12/28 MP: 4/4
  1505 | D:2      | Reached skill level 5 in Stealth
  1968 | D:3      | Reached skill level 6 in Stealth
  1968 | D:3      | Reached XP level 5. HP: 4/32 MP: 5/5
  2112 | D:3      | Noticed letownia3's ghost (weakling DsWz)
  2121 | D:3      | Killed letownia3's ghost
  2343 | D:3      | Reached skill level 7 in Stealth
  2530 | D:3      | Noticed an orc warrior
  2546 | D:3      | Killed an orc warrior
  2546 | D:3      | Reached XP level 6. HP: 22/37 MP: 6/6
  2931 | D:3      | Reached skill level 8 in Stealth
  2954 | D:3      | Reached *** piety under Trog
  3231 | D:4      | Noticed an ogre
  3238 | D:4      | Killed an ogre
  3238 | D:4      | Reached skill level 5 in Short Blades
  3238 | D:4      | Reached XP level 7. HP: 42/42 MP: 7/7
  3241 | D:4      | Found an iron altar of Okawaru.
  3677 | D:4      | Reached skill level 9 in Stealth
  4314 | D:5      | Entered Level 5 of the Dungeon
  4524 | D:5      | Reached XP level 8. HP: 48/48 MP: 8/8
  4612 | D:5      | Got a brightly glowing leather armour
  4623 | D:5      | Identified the +1 leather armour of Calculation {rF- Int+6} (You found it on level 5 of the Dungeon)
  4664 | D:5      | Found Huleyriz's Gadget Emporium.
  4670 | D:5      | Noticed a hippogriff
  4670 | D:5      | Noticed EvilAshe's ghost (novice KoBe)
  4691 | D:5      | Killed EvilAshe's ghost
  4691 | D:5      | Reached skill level 10 in Stealth
  4698 | D:5      | Killed a hippogriff
  4879 | D:5      | Found Xomefe's Weapon Shoppe.
  4940 | D:5      | Got a pitted ivory ring
  4942 | D:5      | Identified the ring "Roerhigh" {EV+4 Int+9 Slay-6} (You found it on level 5 of the Dungeon)
  5018 | D:5      | Reached skill level 5 in Fighting
  5122 | D:5      | Reached XP level 9. HP: 45/54 MP: 9/9
  5195 | D:5      | Found a shadowy altar of Dithmenos.
  5201 | D:5      | Fell from the grace of Trog
  5201 | D:5      | Became a worshipper of Dithmenos the Shadowed
  5328 | D:6      | Found Qawoox's General Store.
  5433 | D:6      | Reached skill level 11 in Stealth
  5485 | D:6      | Paralysed by Trog for 5 turns
  5559 | D:6      | Reached skill level 5 in Dodging
  5773 | D:6      | Found Kaim's Jewellery Shop.
  5858 | D:6      | Found Ikhac's Distillery.
  6008 | D:6      | Found Senax Wes's Antique Armour Shoppe.
  6076 | D:6      | Bought a runed leather armour for 115 gold pieces
  6236 | D:6      | Noticed a polar bear
  6245 | D:6      | Mangled by a polar bear

Skill      XL: |  1  2  3  4  5  6  7  8  9 |
---------------+----------------------------+-----
Stealth        | 2 3 4 6 7 8 9 10 11 | 11.2
Dodging        | 3 4 5 |  5.2
Short Blades   | 5 6 7 8 |  8.6
Fighting       | 4 5 |  5.6
Armour         | |  1.5

Action                   |  1- 3 |  4- 6 |  7- 9 || total
-------------------------+-------+-------+-------++-------
Melee: Hand axe          |    16 |       |       ||    16
       Dagger            |    45 |   124 |   236 ||   405
Invok: Berserk           |       |     3 |     3 ||     6
       Trog's Hand       |       |     1 |     1 ||     2
  Use: Scroll            |     3 |     1 |     3 ||     7
       Potion            |       |     4 |     6 ||    10
 Stab: Sleeping          |     2 |     8 |    11 ||    21
  Eat: Chunk             |     9 |     9 |    14 ||    32
Armor: Leather armour    |    17 |    26 |    25 ||    68
Dodge: Dodged            |    55 |    99 |   116 ||   270
Block: Buckler           |       |       |     7 ||     7
